 Dungeon Crawl Stone Soup version 0.32-a0-468-g38b2580584 (webtiles) character file.

Game seed: 859139642147444825

156 Armakuni the Cudgeller (level 5, -7/41 HPs)
             Began as a Human Fighter on Feb 24, 2024.
             Mangled by an iguana (11 damage)
             ... on level 4 of the Dungeon.
             The game lasted 00:05:20 (2590 turns).

Armakuni the Cudgeller (Human Fighter)              Turns: 2590, Time: 00:05:20

Health: -7/41      AC:  9    Str: 19    XL:     5   Next: 38%
Magic:  5/5        EV: 10    Int: 11    God:
Gold:   143        SH:  5    Dex: 12    Spells: 4/4 levels left

rFire   . . .        a - +0 flail
rCold   . . .        c - +1 buckler
rNeg    . . .        h - +0 ring mail
rPois   .            r - +2 helmet {Int+3}
rElec   .            e - +0 cloak
rCorr   .            (no gloves)
SInv    .            (no boots)
Will    +....        (no amulet)
Stlth   +            (no ring)
HPRegen 0.26/turn    (no ring)
MPRegen 0.09/turn

%: no passive effects
@: enlightened, flying, invisible
A: explore regen
a: no special abilities


You were on level 4 of the Dungeon.
You visited 1 branch of the dungeon, and saw 4 of its levels.

You collected 143 gold pieces.

Inventory:

Hand Weapons
 a - a +0 flail (weapon)
Armour
 b - a +0 scale mail
 c - a +1 buckler (worn)
 e - a +0 cloak (worn)
 h - a +0 ring mail (worn)
 r - a +2 helmet of intelligence (worn)
Wands
 f - a wand of polymorph (9)
 m - a wand of mindburst (3)
Scrolls
 i - a scroll of vulnerability
Potions
 d - a potion of might
 k - a potion of magic
 l - 2 potions of lignification {unknown}
 s - a potion of brilliance {unknown}


   Skills:
 - Level 3.0 Fighting
 - Level 5.4 Maces & Flails
 - Level 3.0 Armour
 - Level 3.0 Shields
 + Level 0.2 Evocations


You had 4 spell levels left.
You didn't know any spells.
Your spell library contained the following spells:

 Spells                   Type           Power      Damage    Failure   Level
 Kiss of Death            Conj/Necr      0%         2d5       58%         1
 Slow                     Hex            0%         N/A       58%         1
 Confusing Touch          Hex            0%         N/A       92%         3
 Sigil of Binding         Hex            0%         N/A       92%         3
 Vampiric Draining        Necr           0%         2d6       92%         3
 Dispel Undead            Necr           0%         3d6       100%        4


Dungeon Overview and Level Annotations

Branches:
Dungeon (4/15)
 Temple: D:4-7

Altars:
Makhleb

Annotations:
D:1 1 transporter


Innate Abilities, Weirdness & Mutations

You regain HP and MP as you explore.


Message History

The bombardier beetle is caught in the net!
The liquid fire burns you! The iguana completely misses you.
You hit the iguana but do no damage.
The iguana is moderately wounded.
The liquid fire burns you! You block the iguana's attack.
The bombardier beetle struggles against the net.
You hit the iguana.
The iguana is severely wounded.
The liquid fire burns you! The iguana closely misses you.
The bombardier beetle struggles against the net.
You hit the iguana but do no damage.
The iguana is severely wounded.
The liquid fire burns you! You block the iguana's attack.
You barely miss the iguana.
The iguana is severely wounded.
The liquid fire burns you!
* * * LOW HITPOINT WARNING * * *
The iguana barely misses you.
The bombardier beetle struggles against the net.
It was a potion of enlightenment.
You feel very buoyant.
You fly up into the air.
The liquid fire burns you!
* * * LOW HITPOINT WARNING * * *
You block the iguana's attack.
It was a potion of invisibility.
You become transparent, but the glow from your liquid flames prevents you from becoming completely invisible.
The liquid fire burns you!
* * * LOW HITPOINT WARNING * * *
The liquid fire finally exhausts itself.
The iguana closely misses you.
The bombardier beetle struggles against the net.
The bombardier beetle struggles against the net.
It was a potion of magic.
Magic courses through your body. The iguana bites you!
You die...

###################
..........#.......#
..........#.......+
..........'.....@.#
############...##l#
....... ######.#
....... #.B.......
....... #.........
....... #.[.......
....... #.........
....... ##..######
######. ####


You could see a bombardier beetle (caught, unable to see you) and an iguana
(unable to see you).

Vanquished Creatures
  Ijyb (D:3)
  Robin (D:2)
  3 adders
  A white imp (D:3)
  2 dart slugs
  An orc (D:4)
  5 bats
  4 endoplasms
  4 giant cockroaches (D:1)
  13 goblins
  7 hobgoblins
  6 jackals (D:2)
  8 kobolds
  7 quokkas
  4 ball pythons
  4 frilled lizards (D:1)
  4 rats
75 creatures vanquished.

Notes
Turn   | Place    | Note
-------+----------+-------------------------------------------
     0 | D:1      | Armakuni the Human Fighter began the quest for the Orb.
     0 | D:1      | Reached XP level 1. HP: 18/18 MP: 1/1
    76 | D:1      | Reached XP level 2. HP: 6/24 MP: 2/2
   240 | D:1      | Reached skill level 3 in Maces & Flails
   540 | D:1      | Reached XP level 3. HP: 29/29 MP: 3/3
  1093 | D:2      | Reached skill level 4 in Maces & Flails
  1128 | D:2      | Noticed Robin
  1152 | D:2      | Reached XP level 4. HP: 25/35 MP: 4/4
  1216 | D:2      | Killed Robin
  1357 | D:2      | Found a burning altar of Makhleb.
  2161 | D:3      | Reached skill level 5 in Maces & Flails
  2198 | D:3      | Noticed Ijyb
  2222 | D:3      | Killed Ijyb
  2223 | D:3      | Reached XP level 5. HP: 41/41 MP: 5/5
  2590 | D:4      | Mangled by an iguana

Illustrated notes

Levels and vault maps discovered:
D:1:      spicycebolla_arrival_risky_transporter, layout_basic,
          hangedman_decor_points
D:2:      layout_loops_ring, basic_altar, uniq_robin
D:3:      layout_basic, serial_rivers, chequers_serial_rivers_small_a,
          chequers_serial_rivers_micro_b, chequers_serial_rivers_micro_d,
          chequers_serial_rivers_room_b, uniq_ijyb
D:4:      layout_gridville, chequers_serial_rivers_micro_a

Skill      XL: |  1  2  3  4 |
---------------+-------------+-----
Maces & Flails | 3 4 5 |  5.4
Fighting       | |  3.0
Armour         | |  3.0
Shields        | |  3.0
Evocations     | |  0.2

Action                     |  1- 3 |  4- 6 || total
---------------------------+-------+-------++-------
  Melee: Flail             |   155 |   113 ||   268
         Unarmed           |       |    13 ||    13
  Throw: Throwing net      |       |     2 ||     2
    Use: Scroll            |       |     8 ||     8
         Potion            |       |     3 ||     3
   Stab: Confused          |       |     1 ||     1
 Armour: Scale mail        |    28 |       ||    28
         Ring mail         |    89 |    77 ||   166
         Skin              |       |     3 ||     3
  Dodge: Dodged            |    85 |    57 ||   142
  Block: Buckler           |    24 |    46 ||    70

Table legend: (Time is in decaauts)
 A = Elapsed time spent in this place.
 B = Non-inter-level travel time spent in this place.
 C = Inter-level travel time spent in this place.
 D = Time resting spent in this place.
 E = Time spent auto-exploring this place.
 F = Levels seen in this place.
 G = Mean time per level.
                   A        B        C        D        E       F      G
               +--------+--------+--------+--------+--------+-----+--------+
         Total |   2659 |   2515 |    144 |    316 |   1531 |   4 |  664.8 |
       Dungeon |   2659 |   2515 |    144 |    316 |   1531 |   4 |  664.8 |
               +--------+--------+--------+--------+--------+-----+--------+

Top non-repeatable levels by time:
     D:1: 907 daAuts
     D:2: 895 daAuts
     D:3: 740 daAuts
     D:4: 116 daAuts
